 Dungeon Crawl Stone Soup version 0.21-a0-498-g1b60429 (webtiles) character file.

3 Goblin1989 the Vexing (level 1, 0/13 HPs)
             Began as a Human Enchanter on Nov 24, 2017.
             Slain by an adder (3 damage)
             ... on level 2 of the Dungeon.
             The game lasted 00:02:42 (162 turns).

Goblin1989 the Vexing (Human Enchanter)              Turns: 162, Time: 00:02:43

Health: 0/13       AC:  2    Str:  8    XL:     1   Next: 55%
Magic:  2/3        EV: 12    Int: 15    God:
Gold:   44         SH:  0    Dex: 13    Spells: 3/4 levels left

rFire    . . .     SeeInvis .   a - +1 dagger
rCold    + . .     Gourm    .   (no shield)
rNeg     . . .     Faith    .   b - +0 robe
rPois    .         Spirit   .   (no helmet)
rElec    .         Reflect  .   (no cloak)
rCorr    .         Harm     .   (no gloves)
MR       .....                  (no boots)
Stlth    ++........             (no amulet)
HPRegen  0.04/turn              c - ring of protection from cold
MPRegen  0.08/turn              (no ring)

@: lethally poisoned (0 -> -7)
A: no striking features
a: no special abilities


You were on level 2 of the Dungeon.
You were not hungry.

You visited 1 branch of the dungeon, and saw 2 of its levels.

You collected 44 gold pieces.

Inventory:

Hand Weapons
 a - a +1 dagger (weapon)
 f - a +0 short sword
Armour
 b - a +0 robe (worn)
Jewellery
 c - a ring of protection from cold (left hand)
Scrolls
 h - a scroll of identify {unknown}
Potions
 i - a potion of heal wounds {unknown}
Books
 g - a book of Maledictions

   Spells                             Type                      Level
   a - Corona                         Hexes                        1
   b - Ensorcelled Hibernation        Hexes/Ice                    2
   c - Confuse                        Hexes                        3
   d - Tukima's Dance                 Hexes                        3
   e - Dazzling Spray                 Conjuration/Hexes            3
Comestibles
 e - a bread ration {@e1}


   Skills:
 * Level 1.2 Short Blades
 - Level 2.0 Dodging
 + Level 3.0 Stealth
 - Level 2.0 Spellcasting
 * Level 3.1 Hexes


You had 3 spell levels left.
You knew the following spells:

 Your Spells              Type           Power        Failure   Level  Hunger
a - Corona                Hex            ##.....      6%          1    #......


Dungeon Overview and Level Annotations

Branches:
Dungeon (2/15)

Altars:


Message History

You see here a smoky blue potion.
i - a smoky blue potion You closely miss the rat.
The rat completely misses you.
You closely miss the rat. The rat bites you but does no damage.
Casting: Corona
Confirm with . or Enter, or press ? or * to list all spells.
Aiming: Corona
Press: ? - help, Shift-Dir - straight line, f - rat
Aim: a rat (chance to defeat MR: 63%)
The rat is outlined in light.
The rat closely misses you.
You now have 2/3 mp.
You hit the rat.
You kill the rat!
You see here 9 arrows.
You open the door.
There is an open door here.
MP restored: 3 You open the door.
A hobgoblin comes into view. It is wielding a club.
There is an open door here.
The hobgoblin shouts!
You hear a shout!
You hear an angry hiss.
You closely miss the hobgoblin. The hobgoblin barely misses you.
Casting: Corona
Confirm with . or Enter, or press ? or * to list all spells.
Aiming: Corona
Press: ? - help, Shift-Dir - straight line, f - hobgoblin
Aim: a hobgoblin, wielding a club (chance to defeat MR: 63%)
The hobgoblin is outlined in light.
The hobgoblin hits you but does no damage.
You now have 2/3 mp.
You hit the hobgoblin.
The hobgoblin is moderately wounded.
The hobgoblin closely misses you.
You hit the hobgoblin.
The hobgoblin is severely wounded.
The hobgoblin barely misses you.
An adder comes into view.
Okay, then.
You hit the hobgoblin but do no damage.
The hobgoblin is severely wounded.
You hit the hobgoblin.
You kill the hobgoblin!
Unknown command.
Unknown command.
Casting: Corona
Confirm with . or Enter, or press ? or * to list all spells.
You don't know that spell.
Unknown command.
Casting: Corona
Confirm with . or Enter, or press ? or * to list all spells.
You don't know that spell.
Casting: Corona
Confirm with . or Enter, or press ? or * to list all spells.
Aiming: Corona
Press: ? - help, Shift-Dir - straight line, f - adder
Aim: an adder (chance to defeat MR: 54%)
The adder is outlined in light.
The adder closely misses you.
You now have 1/3 mp.
You closely miss the adder. The adder barely misses you.
The adder closely misses you.
You hit the adder.
The adder is moderately wounded.
The adder misses you.
You hit the adder but do no damage.
The adder is moderately wounded.
The adder bites you.
You take 3 damage, and have 10/13 hp.
MASSIVE DAMAGE!!
You hit the adder but do no damage.
The adder is moderately wounded.
The adder misses you.
You closely miss the adder.
The adder is moderately wounded.
The adder bites you.
A goblin comes into view.
You take 1 damage, and have 9/13 hp.
You hit the adder.
The adder is heavily wounded.
The adder barely misses you. The adder bites you.
You take 2 damage, and have 7/13 hp.
You miss the adder.
The adder is heavily wounded.
The adder bites you.
* * * LOW HITPOINT WARNING * * *
You are lethally poisoned!
The adder poisons you!
You take 2 damage, and have 5/13 hp.
You hit the adder but do no damage.
The adder is heavily wounded.
* * * LOW HITPOINT WARNING * * *
You feel sick. The adder misses you.
You take 1 damage, and have 4/13 hp.
Unknown command.
You hit the adder.
The adder is heavily wounded.
The adder barely misses you.
You hit the adder.
The adder is severely wounded.
* * * LOW HITPOINT WARNING * * *
You feel sick. The adder bites you.
You die... ███████████

█.......... █.█████████
██████.█........
█████████...██(█.███████
.....gS@∆...∆...........
......███...██.█......█.


█████ █...██.██.....█. █...██.█......█. █...██.█....█.█. █...██.█.██.█.█.
█...██.█........ .████ .████.█.██ .. █.<... You could see an adder and a goblin.

Vanquished Creatures
  A hobgoblin (D:2)
  A kobold (D:1)
  2 rats
4 creatures vanquished.

Notes
Turn   | Place    | Note
-------+----------+-------------------------------------------
     0 | D:1      | Goblin1989 the Human Enchanter began the quest for the Orb.
     0 | D:1      | Reached XP level 1. HP: 13/13 MP: 3/3
     1 | D:1      | Goblin1989: !hs * huen -log
     1 | D:1      | beem: 3102. splash, XL27 HuEn, T:152071: http://crawl.develz.org/morgues/0.10/splash/morgue-splash-20120727-171546.txt
     1 | D:1      | Goblin1989: Turns: 152071
   162 | D:2      | Slain by an adder

Vault maps used:
D:1:      lemuel_arrival_tunnels, serial_forest, infiniplex_forest_clump_curved,
          infiniplex_forest_lined_room_3, infiniplex_forest_lined_corner,
          infiniplex_forest_straight_4, infiniplex_forest_lined_2
D:2:      yredelemnul_altar_generic, first_bread, uniq_sigmund

Action                   || total
-------------------------++-------
Melee: Dagger            ||    20
 Cast: Corona            ||     4
 Stab: Sleeping          ||     1
Armor: Robe              ||     2
Dodge: Dodged            ||    13

Table legend:
 A = Spawn XP
 B = Non-spawn XP
 C = Spawn XP percentage of total XP
 D = Spawn monster count
 E = Non-spawn monster count
 F = Spawn count percentage of total count
 G = Total turns spent on level
                    A         B        C        D         E        F      G
               +---------+---------+-------+---------+---------+-------+---------
         Total |       0 |       5 |   0.0 |       0 |       4 |   0.0 |   162
               +---------+---------+-------+---------+---------+-------+---------
           D:1 |       0 |       2 |   0.0 |       0 |       2 |   0.0 |    80
           D:2 |       0 |       3 |   0.0 |       0 |       2 |   0.0 |    82
               +---------+---------+-------+---------+---------+-------+---------

Vault maps used:
D:1:      lemuel_arrival_tunnels, serial_forest, infiniplex_forest_clump_curved,
          infiniplex_forest_lined_room_3, infiniplex_forest_lined_corner,
          infiniplex_forest_straight_4, infiniplex_forest_lined_2
D:2:      yredelemnul_altar_generic, first_bread, uniq_sigmund
